 Dungeon Crawl Stone Soup version 0.31.0-11-ge490571c62 (webtiles) character file.

Game seed: 1026527578535981353

298 Derpghoster the Magician (level 6, -11/61 HPs)
             Began as an Oni Air Elementalist on Jan 31, 2024.
             Mangled by an ogre
             ... wielding a +0 giant spiked club
              (24 damage)
             ... on level 4 of the Dungeon.
             The game lasted 00:11:02 (4377 turns).

Derpghoster the Magician (Oni Air Elementalist)     Turns: 4377, Time: 00:11:03

Health: -11/61     AC:  4    Str: 21    XL:     6   Next: 36%
Magic:  5/13       EV: 10    Int: 16    God:
Gold:   199        SH:  0    Dex:  9    Spells: 11/14 levels left

rFire   . . .        e - +0 whip
rCold   . . .        (no shield)
rNeg    + . .        a - +1 robe
rPois   .            (helmet restricted)
rElec   .            (no cloak)
rCorr   .            (gloves unavailable)
SInv    .            (boots unavailable)
Will    .....        (no amulet)
Stlth   ++           c - +6 ring of strength
HPRegen 0.30/turn    h - ring of positive energy
MPRegen 0.13/turn

%: no passive effects
@: no status effects
A: large, unfitting armour, horns 1, tough skin 1, double potion healing,
drunken brawling
a: no special abilities


You were on level 4 of the Dungeon.
You visited 1 branch of the dungeon, and saw 4 of its levels.

You collected 199 gold pieces.

Inventory:

Hand Weapons
 e - a +0 whip (weapon)
 k - the +2 short sword of Dockeu Ytoch {pain, Will+}
   (You found it on level 3 of the Dungeon)

   Will+:     It increases your willpower.
Armour
 a - a +1 robe (worn)
Jewellery
 c - a +6 ring of strength (left hand)
 h - a ring of positive energy (right hand)
 i - a ring of fire
 o - a ring of magical power
Wands
 l - a wand of charming (7)
Scrolls
 f - a scroll of fear
 n - 2 scrolls of teleportation
 p - a scroll of identify
Potions
 b - 2 potions of magic
 d - a potion of cancellation {unknown}
 g - 2 potions of ambrosia
 m - a potion of attraction {unknown}


   Skills:
 * Level 3.1 Fighting
 + Level 1.7 Maces & Flails
 + Level 2.7 Dodging
 + Level 1.7 Stealth
 * Level 4.6 Spellcasting
 - Level 0.8 Conjurations
 + Level 3.5 Air Magic


You had 11 spell levels left.
You knew the following spells:

 Your Spells              Type           Power      Damage    Failure   Level
a - Shock                 Conj/Air       40%        1d5       6%          1
b - Static Discharge      Conj/Air       20%        3-4/arc   10%         2

Your spell library contained the following spells:

 Spells                   Type           Power      Damage    Failure   Level
 Swiftness                Air            15%        N/A       11%         3
 Mercury Vapours          Alch/Air       18%        N/A       12%         2
 Mephitic Cloud           Conj/Alch/Air  8%         N/A       26%         3
 Airstrike                Air            7%         2d(2-18)  36%         4
 Gell's Gravitas          Tloc           3%         N/A       43%         3
 Teleport Other           Tloc           3%         N/A       43%         3
 Freezing Cloud           Conj/Ice/Air   4%         6-21      94%         5
 Dispersal                Tloc           1%         N/A       100%        6


Dungeon Overview and Level Annotations

Branches:
Dungeon (4/15)
 Temple: D:4-7

Altars:

Shops:
D:1 [

Annotations:
D:4 Pikel


Innate Abilities, Weirdness & Mutations

You are too large for most types of armour.
You have a pair of small horns on your head.
You have tough skin. (AC +1)
You gain doubled healing and magic from potions.
Whenever you drink a healing potion, you attack all around you.


Message History

The ogre is moderately wounded.
You are struck by an arc of lightning.
The ogre is struck by an arc of lightning.
The ogre is heavily wounded.
The lightning grounds out.
The ogre hits you with a +0 giant spiked club!!
* * * LOW HITPOINT WARNING * * *
The ogre attacks as it pursues you! The ogre completely misses you.
You open the door.
There is an open door here.
You take a swig of the potion and twirl your +0 whip.
You hit the ogre.
The ogre is heavily wounded.
You savour every drop.
You feel better.
The ogre hits you with a +0 giant spiked club!!
Ouch! That really hurt!
* * * LOW HITPOINT WARNING * * *
The ogre attacks as it pursues you! The ogre misses you.
Casting: Static Discharge (safe; 10% risk of failure)
Confirm with . or Enter, or press ? or * to list all spells.
Aiming: Shock (safe; 6% risk of failure)
Press: ? - help, Shift-Dir - straight line, f/p - ogre
Aim: an ogre, wielding a +0 giant spiked club (heavily wounded, 85% to hit)
The zap hits the ogre.
The ogre is heavily wounded.
The zap hits the goblin.
The goblin is severely wounded.
Casting: Shock (safe; 6% risk of failure)
Confirm with . or Enter, or press ? or * to list all spells.
Aiming: Shock (safe; 6% risk of failure)
Press: ? - help, Shift-Dir - straight line, f/p - ogre
Aim: an ogre, wielding a +0 giant spiked club (heavily wounded, 85% to hit)
The zap hits the ogre.
The ogre is severely wounded.
The zap hits the goblin.
You kill the goblin!
The ogre misses you. The ogre attacks as it pursues you!
The ogre hits you with a +0 giant spiked club!!
You die...

.# ##...## #.# #
##'## #.# #.# #.# #.#
#)# #####.#### #.#
........# #.#
#......### #.#
#.......#####.#
#.#.###.##.#...@O..#
...........#########
#.#####.#### .# #.#
##.# #.# ...### #.#
##...###.# ######
#.....##.# #####
#.....
.......#.########...#
#)####


You could see an ogre.

Vanquished Creatures
  2 lemures (D:4)
  A bullfrog (D:3)
  A bombardier beetle (D:4)
  A jelly (D:4)
  A hound (D:4)
  Jessica (D:3)
  5 adders
  A dart slug (D:2)
  A ribbon worm (D:4)
  4 orcs (D:3)
  6 endoplasms
  3 giant cockroaches
  5 goblins
  7 hobgoblins
  6 jackals
  4 kobolds
  2 quokkas
  5 ball pythons
  3 bats
  5 frilled lizards
  6 rats
70 creatures vanquished.

Notes
Turn   | Place    | Note
-------+----------+-------------------------------------------
     0 | D:1      | Derpghoster the Oni Air Elementalist began the quest for
                  | the Orb.
     0 | D:1      | Reached XP level 1. HP: 16/16 MP: 3/3
   432 | D:1      | Reached XP level 2. HP: 24/24 MP: 3/5
   636 | D:1      | Found a faded altar of an unknown god.
   692 | D:1      | Found Wikuegh's Antique Armour Emporium.
   772 | D:1      | Reached skill level 3 in Spellcasting
  1278 | D:2      | Reached XP level 3. HP: 26/32 MP: 7/7
  1324 | D:2      | Reached skill level 1 in Fighting
  1671 | D:2      | Learned a level 2 spell: Static Discharge
  2246 | D:3      | Reached XP level 4. HP: 32/42 MP: 4/9
  2519 | D:3      | Noticed Jessica
  2586 | D:3      | Killed Jessica
  2663 | D:3      | Reached skill level 4 in Spellcasting
  2705 | D:3      | Noticed a bullfrog
  2711 | D:3      | Killed a bullfrog
  2712 | D:3      | Reached skill level 1 in Maces & Flails
  2712 | D:3      | Reached XP level 5. HP: 32/50 MP: 2/11
  3039 | D:3      | Identified the +2 short sword of Dockeu Ytoch {pain, Will+}
  3455 | D:4      | Reached XP level 6. HP: 26/59 MP: 3/12
  3858 | D:4      | Noticed Pikel
  4377 | D:4      | Mangled by an ogre

Illustrated notes

Levels and vault maps discovered:
D:1:      lemuel_arrival_lava_pool, layout_basic, basic_ecumenical_altar,
          serial_shops, nicolae_shop_waterfront, chequers_big_river
D:2:      layout_loops_cross, kennysheep_donut
D:3:      layout_loops_cross, uniq_jessica
D:4:      layout_loops_corners, minmay_close_crescents, uniq_pikel

Skill      XL: |  1  2  3  4  5  6 |
---------------+-------------------+-----
Air Magic      | 3 |  3.5
Spellcasting   | 3 4 |  4.6
Fighting       | 1 2 3 |  3.1
Dodging        | 2 |  2.7
Maces & Flails | 1 |  1.7
Stealth        | |  1.7
Conjurations   | |  0.8

Action                     |  1- 3 |  4- 6 || total
---------------------------+-------+-------++-------
  Melee: Unarmed           |     6 |       ||     6
         Whip              |    49 |   120 ||   169
         Headbutt          |     6 |    20 ||    26
   Cast: Shock             |    50 |    30 ||    80
         Static Discharge  |       |    15 ||    15
    Use: Scroll            |     2 |     6 ||     8
         Potion            |     1 |     2 ||     3
 Armour: Robe              |    53 |    98 ||   151
  Dodge: Dodged            |    27 |    79 ||   106
